Map: Kairos Junction LE

Players

TiPtOP - Winner!

  • Race: Terran Terran
  • League: Silver
  • Spawn Location: 5:00

kamikazicow

  • Race: Terran Terran
  • Spawn Location: 11:00

VOD

Have the link to the VOD?

Description

Time

  • Played on: Aug. 13, 2019, 9:58 a.m.
  • Length: 13:14
Show
View Real Time Build Order
Export as new Build Order

TiPtOP Terran - Winner!

Build Orders:  

Get SALT Encoding   

  12  0:00  SCV  
  13  0:17  Supply Depot  
  13  0:18  SCV  
  14  0:30  SCV  
  15  0:42  SCV, Barracks  
  16  0:54  Refinery, SCV  
  17  1:06  SCV  
  18  1:20  SCV  
  19  1:33  Command Center  
  19  1:43  SCV  
  19  1:45  Barracks Reactor  
  20  1:55  SCV  
  21  2:08  SCV  
  21  2:20  SCV  
  21  2:21  Marine  
  23  2:25  Barracks  
  23  2:41  Supply Depot  
  23  2:45  SCV, Marine  
  23  2:48  Marine  
  26  2:55  SCV  
  28  3:00  Orbital Command  
  27  3:07  SCV  
  28  3:19  Marine x2  
  30  3:22  Barracks Tech Lab  
  30  3:27  Supply Depot  
  28  3:48  Marine  
  28  3:49  Marine  
  28  3:51  Marauder  
  28  3:53  Stimpack  
  32  4:06  Marine x2  
  34  4:13  Marauder  
  36  4:21  SCV  
  36  4:22  Barracks, Supply Depot  
  37  4:24  Refinery  
  37  4:30  Orbital Command  
  37  5:10  Marine x2, Marauder  
  37  5:11  Barracks Reactor  
  41  5:18  Factory  
  41  5:20  SCV  
  42  5:24  SCV  
  43  5:31  Marine  
  43  5:32  SCV, Marine  
  43  5:33  Marauder  
  48  5:36  SCV  
  49  5:49  Marine x2  
  50  6:00  Marine x2  
  50  6:01  Marauder  
  50  6:02  Combat Shield  
  54  6:05  Factory Reactor  
  54  6:08  Starport  
  54  6:24  Marine x3  
  54  6:25  Marine  
  58  6:26  Marauder  
  58  6:30  SCV  
  58  6:32  SCV  
  62  6:51  Supply Depot  
  62  7:00  Supply Depot x2  
  62  7:13  SCV x2, Marauder  
  62  7:14  Supply Depot  
  66  7:24  Factory Tech Lab  
  66  7:25  SCV x2  
  68  7:30  Barracks  
  68  7:36  Marine x4  
  68  7:37  SCV, Marine  
  74  7:49  Medivac x2  
  78  8:00  Engineering Bay  
  78  8:03  Siege Tank  
  81  8:06  Marine x2  
  81  8:07  Marine x2  
  81  8:08  Marauder  
  87  8:20  SCV  
  87  8:21  Supply Depot  
  87  8:24  Refinery  
  88  8:30  Marauder  
  88  8:33  SCV  
  91  8:34  Barracks Reactor  
  91  8:35  Siege Tank  
  94  8:42  Marine x4  
  94  8:43  Supply Depot  
  94  8:47  Supply Depot  
  98  8:51  Marauder  
  100  9:06  Command Center, Supply Depot  
  100  9:10  Supply Depot  
  100  9:12  Marauder  
  102  9:31  Supply Depot  
  102  9:33  Supply Depot  
  100  10:28  Marine x5  
  100  10:29  Marine x2  
  100  10:31  Siege Tank  
  108  10:47  Marauder  
  109  11:03  Siege Tank  
  109  11:09  Marauder  
Show
View Real Time Build Order
Export as new Build Order

kamikazicow Terran 

Build Orders:  

Get SALT Encoding   

  12  0:03  SCV  
  13  0:15  SCV  
  14  0:24  Supply Depot  
  14  0:27  SCV  
  15  0:46  SCV  
  16  0:51  Barracks  
  16  0:58  SCV  
  16  1:01  Refinery  
  17  1:10  SCV  
  18  1:27  SCV  
  19  1:39  SCV  
  20  1:40  Marine  
  21  1:49  Supply Depot  
  21  1:51  SCV  
  22  2:21  Reaper  
  23  2:31  SCV  
  24  2:43  SCV  
  25  2:53  Marine  
  25  2:55  SCV  
  27  3:11  Command Center, Marine  
  28  3:29  Marine  
  29  3:46  Marine  
  30  4:03  Bunker  
  30  4:04  Marine  
  31  4:15  Bunker  
  31  4:22  Marine  
  32  4:24  SCV  
  33  4:36  SCV  
  34  4:40  Marine  
  34  4:44  Supply Depot  
  35  4:48  SCV  
  36  4:58  Marine, Barracks  
  37  5:00  SCV  
  38  5:07  Supply Depot  
  38  5:12  SCV  
  39  5:16  Engineering Bay  
  39  5:24  SCV  
  39  5:28  Marine  
  41  5:37  SCV  
  41  5:41  SCV  
  43  5:46  Marine  
  43  5:48  Terran Infantry Weapons Level 1  
  43  5:49  SCV  
  45  5:53  SCV  
  46  5:58  Missile Turret  
  46  6:01  SCV  
  46  6:03  Marine  
  48  6:05  SCV  
  49  6:13  SCV  
  49  6:17  SCV  
  50  6:21  Marine  
  50  6:25  SCV  
  52  6:39  Marine  
  53  6:45  Factory  
  53  6:48  Planetary Fortress  
  53  6:56  Missile Turret  
  53  6:59  Marine  
  54  7:17  Marine x2  
  54  7:18  Barracks  
  54  7:19  Missile Turret  
  56  7:35  Marine x2  
  58  7:45  Refinery  
  58  7:46  Terran Infantry Armor Level 1  
  57  7:52  Marine  
  57  7:53  Widow Mine, Marine  
  61  8:11  Supply Depot, Marine, Barracks Tech Lab  
  62  8:13  Barracks Tech Lab  
  62  8:27  Supply Depot  
  62  8:32  Marine  
  62  8:33  Widow Mine  
  65  8:35  Supply Depot  
  65  8:44  Missile Turret  
  65  8:50  Marine, Supply Depot  
  66  8:58  Supply Depot  
  66  9:07  Combat Shield  
  66  9:15  Supply Depot  
  66  9:17  Starport  
  66  9:41  Hi-Sec Auto Tracking  
  66  9:43  Reaper  
  66  9:45  Factory Tech Lab  
  67  9:49  Marauder  
  69  10:04  Medivac  
  71  10:11  Marauder  
  61  10:15  Marauder  
  47  10:30  Marine  
  47  10:32  Marauder  
  50  10:36  Marauder  
  52  10:48  Marine  
  52  10:58  Marauder  
  52  11:06  Marine  
  52  11:19  Marauder  
  52  11:24  Marine  
  52  11:40  Marine  
  52  11:42  Marine  
Tags
 
Add a new tag
Caveats
  • Supply blocks, unpowered buildings, or Contaminate may cause inaccurate times.
  • Supply counts are checked every 10 seconds.